 Dungeon Crawl Stone Soup version 0.31.0-11-ge490571c62 (webtiles) character file.

Game seed: 1980109683825792893

86 Maffolandro the Charlatan (level 4, -3/11 HPs)
             Began as a Human Wanderer on Jan 25, 2024.
             Slain by a cerulean imp
             ... wielding a +0 spear
             ... summoned by Natasha
              (6 damage)
             ... on level 2 of the Dungeon on Jan 27, 2024.
             The game lasted 00:08:45 (1776 turns).

Maffolandro the Charlatan (Human Wanderer)          Turns: 1776, Time: 00:08:46

Health: -3/11      AC:  0    Str: 17    XL:     4   Next: 49%
Magic:  4/4        EV: 15    Int:  8    God:
Gold:   104        SH:  0    Dex: 14    Spells: 3/3 levels left

rFire   . . .        a - melded +0 mace
rCold   . . .        c - melded +0 buckler
rNeg    . . .        p - melded +0 plate armour
rPois   .            (no helmet)
rElec   .            (no cloak)
rCorr   .            (no gloves)
SInv    .            (no boots)
Will    .....        (no amulet)
Stlth   +            (no ring)
HPRegen 0.21/turn    (no ring)
MPRegen 0.09/turn

%: no passive effects
@: flux-form, glowing
A: glow, contaminating, reduced hp, explore regen
a: Begin Untransformation


You were on level 2 of the Dungeon.
You were something dangerously unstable.
You visited 1 branch of the dungeon, and saw 2 of its levels.

You collected 104 gold pieces.

Inventory:

Hand Weapons
 a - a +0 mace (melded)
Missiles
 q - 5 boomerangs
Armour
 c - a +0 buckler (melded)
 e - a +0 leather armour
 p - a +0 plate armour (melded)
Talismans
 s - a flux talisman (active)
Wands
 b - a wand of roots (14) (quivered)
Scrolls
 g - a scroll of enchant armour {unknown}
 i - a scroll of immolation {unknown}
 k - 2 scrolls of teleportation {unknown}
 l - 3 scrolls of identify {unknown}
 m - 2 scrolls of blinking {unknown}
 n - a scroll of silence {unknown}
 o - a scroll of revelation {unknown}
 r - a scroll of noise {unknown}
Potions
 d - 2 potions of curing
 f - 3 potions of mutation {unknown}
 h - a potion of degeneration {unknown}
 j - a potion of enlightenment {unknown}


   Skills:
 - Level 4.0 Fighting
 - Level 2.0 Maces & Flails
 - Level 2.0 Armour
 - Level 2.0 Shields
 * Level 0.0 Unarmed Combat
 - Level 4.0 Evocations


You had 3 spell levels left.
You didn't know any spells.
Your spell library contained the following spells:

 Spells                   Type           Power      Damage    Failure   Level
 Call Imp                 Summ           0%         N/A       54%         2
 Cigotuvi's Dreadful Rot  Necr/Alch/Air  0%         N/A       54%         2
 Sublimation of Blood     Necr           0%         N/A       54%         2
 Ignite Poison            Fire/Alch      0%         N/A       99%         4
 Freezing Cloud           Conj/Ice/Air   0%         6-21      100%        5
 Summon Hydra             Summ           0%         N/A       100%        7


Dungeon Overview and Level Annotations

Branches:
Dungeon (2/15)

Altars:

Annotations:
D:2 1 runed translucent door, exclusion: door, Crazy Yiuf, Natasha


Innate Abilities, Weirdness & Mutations

You are something dangerously unstable.
You glow with magical radiation, making you easy to see and hit.
Foes you strike become dangerously contaminated with magical radiation.
Your maximum health is decreased, since you lack skill for your form.
You are incapable of wielding weapons or throwing items.
You regain HP and MP as you explore.


Message History

You need to enable at least one skill for training.
You start resting.
You feel yourself speed up.
You see here the felid corpse of Natasha.
There is a broken door here.
There is a stone staircase leading up here.
You climb upwards.
There is a stone staircase leading down here.
Okay, then.
You begin transforming.
You continue transforming. x3
You turn into something dangerously unstable.
Your +0 mace melds into your body.
Your +0 buckler melds into your body.
Your +0 plate armour melds into your body.
HP restored.
Unknown command.
There is a stone staircase leading down here.
You climb downwards.
There is a stone staircase leading up here.
As you open the door, it creaks loudly!
There is an open door here.
Found a stone staircase leading down.
Found a hammer.
Found a runed translucent door.
Crazy Yiuf shouts!
Partly explored, can't reach some places.
There is an open door here.
Natasha, Servant of Life and Death comes into view.
Natasha hisses angrily.
Natasha casts a spell at you. You resist with some effort.
Natasha barely misses you.
You completely miss Natasha.
Natasha wildly gestures.
You feel disoriented.
Natasha mumbles some strange words.
You hit Natasha but do no damage.
Natasha begins to glow.
Natasha claws you!
Ouch! That really hurt!
* * * LOW HITPOINT WARNING * * *
The cerulean imp hits you with a +0 spear.
Ouch! That really hurt!
You die...

#.#.##...# ##....#########
#.#.##...# #.)...........#
#...##...# #..##########.##
######...#######..# #.......#
########.#......(.# #.#######
##.......#>######.#####.#
##......##.#.........##.#
##......##.#.####h##.##.######
##......'..#.#..p..#.##......#
#......#..#.#.5...#.##.####.#
#.........#.#.....#.#### #.#
#........)#.#.....#....# #.#
##.#<......#.#.....####.# #.#
...###'#..##.#.....# #.# #.#
..###......#.####'## #.# #.#
..###.....##.# #.# #.####.#
....#........####.# #......#


You could see Natasha (contam) and a cerulean imp (summoned).

Vanquished Creatures
  Natasha (twice) (D:2)
  A ribbon worm (D:2)
  2 endoplasms (D:2)
  2 goblins
  2 hobgoblins (D:1)
  2 jackals (D:1)
  4 quokkas
  6 ball pythons
  3 bats (D:1)
  2 frilled lizards
  7 kobolds
  3 rats
36 creatures vanquished.

Notes
Turn   | Place    | Note
-------+----------+-------------------------------------------
     0 | D:1      | Maffolandro the Human Wanderer began the quest for the Orb.
     0 | D:1      | Maffolandro set off with the following items: a +0 mace, a
                  | wand of roots (4), a +0 buckler, a potion of curing, a +0
                  | leather armour.
     0 | D:1      | Reached XP level 1. HP: 13/13 MP: 1/1
   206 | D:1      | Reached skill level 1 in Fighting
   266 | D:1      | Reached XP level 2. HP: 14/21 MP: 2/2
   337 | D:1      | HP: 1/21 [quokka (2)]
   832 | D:1      | Upgraded the game from 0.31.0-10-gcf4a605ca0 to
                  | 0.31.0-11-ge490571c62
   875 | D:2      | Reached XP level 3. HP: 22/28 MP: 3/3
  1446 | D:2      | Noticed Natasha
  1456 | D:2      | Killed Natasha
  1457 | D:2      | Reached XP level 4. HP: 26/35 MP: 4/4
  1643 | D:2      | Noticed Natasha
  1657 | D:2      | Killed Natasha
  1733 | D:2      | Found a runed translucent door.
  1734 | D:2      | Noticed Crazy Yiuf
  1769 | D:2      | Noticed Natasha
  1776 | D:2      | Slain by a cerulean imp

Illustrated notes

Levels and vault maps discovered:
D:1:      saegor_arrival_simple_b, layout_basic, minmay_tromino_i4
D:2:      layout_basic, minivault_26, uniq_crazy_yiuf_cottage, uniq_natasha

Skill      XL: |  1  2  3  4 |
---------------+-------------+-----
Fighting       | 1 2 3 4 |  4.0
Maces & Flails | |  2.0
Armour         | |  2.0
Shields        | |  2.0
Evocations     | |  4.0

Action                     |  1- 3 |  4- 6 || total
---------------------------+-------+-------++-------
  Melee: Mace              |   133 |     8 ||   141
         Unarmed           |       |     2 ||     2
 Armour: Leather armour    |    50 |       ||    50
         Plate armour      |    41 |     8 ||    49
         Skin              |       |     2 ||     2
  Dodge: Dodged            |    61 |     3 ||    64
  Block: Buckler           |    32 |     4 ||    36
   Form: Flux              |       |     1 ||     1
